 Dungeon Crawl Stone Soup version 0.17.0-24-gcfadda4 (webtiles) character file.

2104 Gorice the Twirler (level 9, -4/68 HPs)
             Began as a Demonspawn Wanderer on Nov 17, 2015.
             Was a Follower of Okawaru.
             Slain by a purple ugly thing (11 damage)
             ... on level 7 of the Dungeon.
             The game lasted 00:27:37 (7175 turns).

Gorice the Twirler (Demonspawn Wanderer)            Turns: 7175, Time: 00:27:38

Health: -4/68      AC: 15    Str: 17    XL:     9   Next: 7%
Magic:  7/9        EV: 12    Int: 10    God:    Okawaru [*.....]
Gold:   348        SH:  0    Dex: 15    Spells: 0 memorised, 8 levels left

rFire  . . .     SeeInvis +     a - +5 quarterstaff "Rympoid" {crush, +Inv}
rCold  . . .     Clarity  .     e - +2 scale mail
rNeg   + . .     SustAt   .     (shield currently unavailable)
rPois  +         Gourm    .     s - +0 helmet
rElec  .         Spirit   .     i - +0 cloak
rCorr  .         Warding  +     j - +0 pair of gloves
rMut   .         Stasis   .     (no boots)
MR     .....                    n - amulet of warding
Stlth  ++........               F - ring of see invisible
                                t - ring of poison resistance

@: heroism, not resistant to hostile enchantments, unstealthy
A: claws 2, hooves 1, foul stench 1, nightstalker 1, rot immunity
a: Heroism, Renounce Religion, Evoke Invisibility


You were on level 7 of the Dungeon.
You worshipped Okawaru.
Okawaru was aware of your devotion.
You were hungry.

You visited 2 branches of the dungeon, and saw 8 of its levels.

You collected 348 gold pieces.

Inventory:

Hand Weapons
 a - the +5 quarterstaff "Rympoid" (weapon) {crush, +Inv}
   (You found it on level 4 of the Dungeon)

   It inflicts extra damage upon your enemies.
   It lets you turn invisible.
 b - a +0 hand crossbow
 d - a +0 dagger of speed
   (You took it off a goblin on level 1 of the Dungeon)
 B - a +0 blowgun
Missiles
 c - 113 bolts
 D - 2 tomahawks (quivered)
 G - 5 poisoned needles
 Z - 178 stones
Armour
 e - a +2 scale mail (worn)
 i - a +0 cloak (worn)
 j - a +0 pair of gloves (worn)
 s - a +0 helmet (worn)
 x - a +0 chain mail
Jewellery
 n - an amulet of warding (around neck)
 t - a ring of poison resistance (left hand)
 y - an uncursed ring of wizardry
 F - a ring of see invisible (right hand)
Wands
 r - a wand of flame (48)
 E - a wand of heal wounds (3) {!d}
 L - a wand of enslavement (7)
Scrolls
 p - a scroll of magic mapping {!r}
 u - a scroll of fog
 v - 7 scrolls of remove curse
 C - a scroll of enchant weapon {unknown}
 H - a scroll of random uselessness {unknown}
 I - 2 scrolls of enchant armour {unknown}
 N - a scroll of teleportation {unknown}
 O - a scroll of identify
Potions
 k - 2 potions of resistance {!q}
 m - a potion of lignification {unknown}
 o - a potion of flight {unknown}
 q - 2 potions of ambrosia {!q}
 w - 2 potions of brilliance {!q}
 A - 2 potions of heal wounds {unknown}
 J - 2 potions of curing {unknown}
 K - a potion of cure mutation {unknown}
Comestibles
 f - 2 bread rations {!e}
 g - 2 beef jerkies
 h - 5 meat rations {!e}
 l - 8 fruits
 z - 2 royal jellies
 M - 6 chunks of flesh


   Skills:
 - Level 5.2(10.2) Fighting
 * Level 7.8(12.8) Staves
 - Level 2.6(7.6) Crossbows
 - Level 1.0(6.0) Throwing
 + Level 6.9(11.9) Armour
 - Level 1.0 Evocations


You had 8 spell levels left.
You didn't know any spells.

Dungeon Overview and Level Annotations

Branches:
Dungeon (7/15)             Temple (1/1) D:6

Altars:
Ashenzari
Cheibriados
Dithmenos
Elyvilon
Fedhas
Gozag
Kikubaaqudgha
Nemelex Xobeh
Okawaru
Qazlal
Ru
Sif Muna
Trog
Vehumet
Xom
The Shining One


Innate Abilities, Weirdness & Mutations

You have very sharp fingernails.
You have large cloven feet.
You may emit foul miasma when damaged in melee.
You are slightly more attuned to the shadows.
You are immune to rotting.


Message History

You closely miss the purple ugly thing. Your kick misses the purple ugly thing.
The purple ugly thing is moderately wounded.
The purple ugly thing closely misses you.
You sock the purple ugly thing! Your kick misses the purple ugly thing.
The purple ugly thing is severely wounded.
The purple ugly thing headbutts you but does no damage.
You closely miss the purple ugly thing.
You kick the purple ugly thing, but do no damage.
The purple ugly thing is severely wounded.
You hit the purple ugly thing but do no damage.
Your kick misses the purple ugly thing.
The purple ugly thing is severely wounded.
The purple ugly thing barely misses you.
Unknown command.
The purple ugly thing headbutts you!
Damage: 14 (max 14) Wield which item (- for none, * to show all)? (? for menu, Esc to quit)
q - 2 potions of ambrosia (in hand) {!q} Unknown command.
Unknown command.
Unknown command.
The purple ugly thing headbutts you.
* * * LOW HITPOINT WARNING * * *
Things that are here:
an enchanted shortbow; 13 arrows; a centaur skeleton; Damage: 3 (max 14) Wield which item (- for none, * to show all)? (? for menu, Esc to quit)
a - the +5 quarterstaff "Rympoid" (weapon)
{crush, +Inv} You see here 2 arrows.
The purple ugly thing headbutts you!
* * * LOW HITPOINT WARNING * * *
Damage: 14 (max 14) Unknown command.
Drink which item? (? for menu, Esc to quit)
Okay, then.
Read which item? (? for menu, Esc to quit)
Okay, then.
You gain the combat prowess of a mighty hero.
You are feeling hungry.
The purple ugly thing barely misses you.
You hit the purple ugly thing.
The purple ugly thing is almost dead.
You barely miss the purple ugly thing.
You kick the purple ugly thing, but do no damage.
The purple ugly thing is almost dead.
The purple ugly thing headbutts you but does no damage.
You hit the purple ugly thing.
You kick the purple ugly thing, but do no damage.
The purple ugly thing is almost dead.
The purple ugly thing headbutts you!
You die...

#...##.#.#
######.#.# ###
#.#.#.# ..#
###...#.# ..#
#.......#####
..####.###....)..#
.......#.....###(#
...#####.##.## #u#
.....# #.#..####@#
..##.# #.#.......#
..##.###.#.....###
####.#...#.....#
#.###.#.....#
#.......##..#
#######.##.##
####.# #.#


You could see a purple ugly thing.

Vanquished Creatures
  4 yaks
  2 centaurs
  4 ogres
  A giant frog (D:7)
  3 wights (D:6)
  A crimson imp (D:5)
  2 jellies
  2 hounds
  2 orc priests
  A centaur skeleton (D:6)
  An iguana (D:7)
  7 worker ants
  8 orc wizards
  A worker ant zombie (D:7)
  3 gnolls (D:7)
  7 adders
  A shadow imp (D:7)
  3 oozes
  2 adder zombies
  2 adder skeletons (D:7)
  3 worms
  12 orcs
  8 bats
  9 giant cockroaches
  5 hobgoblins
  15 jackals
  4 quokkas
  A giant cockroach zombie (D:5)
  2 giant geckos
  9 goblins
  7 kobolds
  8 rats
140 creatures vanquished.

Notes
Turn   | Place    | Note
--------------------------------------------------------------
     0 | D:1      | Gorice the Demonspawn Wanderer began the quest for the Orb.
     0 | D:1      | Gorice set off with: a +2 scale mail, a +0 hand crossbow, 25 bolts, 9 poisoned needles, a +0 blowgun, a bread ration {!e}
     0 | D:1      | Reached XP level 1. HP: 19/19 MP: 1/1
    61 | D:1      | Gained mutation: You are slightly more attuned to the shadows. [demonic ancestry]
    61 | D:1      | Reached XP level 2. HP: 23/25 MP: 2/2
    87 | D:1      | Reached skill level 3 in Armour
   484 | D:1      | Reached XP level 3. HP: 31/31 MP: 3/3
  1595 | D:2      | Gained mutation: You are immune to rotting. [demonic ancestry]
  1595 | D:2      | Reached XP level 4. HP: 38/38 MP: 4/4
  1899 | D:3      | Reached skill level 2 in Crossbows
  2012 | D:3      | Reached skill level 5 in Fighting
  2012 | D:3      | Gained mutation: You have large cloven feet. [demonic ancestry]
  2012 | D:3      | Reached XP level 5. HP: 28/44 MP: 5/5
  2231 | D:3      | Found a bloodstained altar of Trog.
  2407 | D:3      | Reached skill level 4 in Armour
  2413 | D:3      | HP: 12/44 [orc/club (6)]
  2430 | D:3      | HP: 13/44 [orc/falchion (1)]
  2447 | D:3      | HP: 12/44 [orc/falchion (1)]
  2457 | D:3      | HP: 9/44 [orc/falchion (4)]
  2724 | D:3      | Found a sparkling altar of Nemelex Xobeh.
  2770 | D:3      | Found an ancient bone altar of Kikubaaqudgha.
  3287 | D:4      | Got a transparent quarterstaff
  3288 | D:4      | Identified the +5 quarterstaff "Rympoid" {crush, +Inv} (You found it on level 4 of the Dungeon)
  3300 | D:4      | Found an opulent altar of Gozag.
  3657 | D:4      | Reached skill level 1 in Staves
  3766 | D:4      | Gained mutation: You may emit foul miasma when damaged in melee. [demonic ancestry]
  3766 | D:4      | Reached XP level 6. HP: 45/51 MP: 6/6
  4220 | D:5      | Entered Level 5 of the Dungeon
  4237 | D:5      | Reached skill level 2 in Staves
  4387 | D:5      | Found a snail-covered altar of Cheibriados.
  4501 | D:5      | Reached skill level 3 in Staves
  4509 | D:5      | Reached XP level 7. HP: 47/56 MP: 7/7
  4556 | D:5      | Reached skill level 5 in Armour
  4789 | D:6      | Noticed a yak
  4789 | D:6      | Noticed a yak
  4789 | D:6      | Noticed a yak
  4789 | D:6      | Noticed a yak
  4806 | D:6      | HP: 14/56 [yak (11)]
  4819 | D:5      | HP: 11/56 [yak (5)]
  4845 | D:5      | HP: 11/56 [yak (5)]
  4851 | D:5      | Killed a yak
  4851 | D:5      | Reached skill level 4 in Staves
  5417 | D:6      | Reached skill level 5 in Staves
  5422 | D:6      | Gained mutation: You have sharp fingernails. [demonic ancestry]
  5422 | D:6      | Reached XP level 8. HP: 54/62 MP: 8/8
  5430 | D:6      | Found a staircase to the Ecumenical Temple.
  5466 | Temple   | Entered the Ecumenical Temple
  5539 | Temple   | Became a worshipper of Warmaster Okawaru
  5688 | D:6      | Killed a yak
  5695 | D:6      | Killed a yak
  5695 | D:6      | Reached skill level 6 in Staves
  5695 | D:6      | Reached skill level 6 in Armour
  5995 | D:6      | Killed a yak
  5995 | D:6      | Reached * piety under Okawaru
  6521 | D:7      | Reached skill level 7 in Staves
  6612 | D:7      | Found Tifin's Jewellery Emporium.
  6736 | D:7      | Gained mutation: You have very sharp fingernails. [demonic ancestry]
  6736 | D:7      | Reached XP level 9. HP: 53/68 MP: 9/9
  7148 | D:7      | Noticed a purple ugly thing
  7166 | D:7      | HP: 19/68 [purple ugly thing (3)]
  7170 | D:7      | HP: 6/68 [purple ugly thing (14)]
  7175 | D:7      | Slain by a purple ugly thing

Action                   |  1- 3 |  4- 6 |  7- 9 || total
-------------------------+-------+-------+-------++-------
Melee: Dagger            |   153 |   173 |       ||   326
       Quarterstaff      |       |    53 |   157 ||   210
 Fire: Hand crossbow     |    57 |    31 |    18 ||   106
       Blowgun           |       |    17 |     8 ||    25
Throw: Stone             |       |     1 |       ||     1
       Tomahawk          |       |     1 |       ||     1
Invok: Heroism           |       |       |     1 ||     1
  Use: Scroll            |       |    10 |     1 ||    11
 Stab: Sleeping          |       |     1 |       ||     1
       Distracted        |       |       |     1 ||     1
  Eat: Chunk             |     2 |     8 |     8 ||    18
       Pizza             |       |     1 |       ||     1

Table legend:
 A = Turns spent in this place as a percentage of turns spent in the entire game.
 B = Non-inter-level travel turns spent in this place as a percentage of non-inter-level travel turns spent in the entire game.
 C = Inter-level travel turns spent in this place as a percentage of turns spent in this place.
 D = Turns resting spent in this place as a percentage of non-inter-level travel turns spent in this place.
 E = Turns spent auto-exploring this place as a percentage of non-inter-level travel turns spent in this place.
 F = Non-inter-level travel turns spent in this place divided by the number of levels of this place that you've seen.
                   A       B       C       D       E      F
               +-------+-------+-------+-------+-------+----------------------
         Total | 100.0 | 100.0 |   0.5 |   0.3 |   5.5 | 327.6
       Dungeon |  99.4 |  99.5 |   0.4 |   0.3 |   5.3 | 372.4
        Temple |   0.6 |   0.5 |   6.7 |   0.0 |  35.7 |  14.0
               +-------+-------+-------+-------+-------+----------------------

Vault maps used:
D:1:      dpeg_arrival_sounds_slurp, minmay_misc_feat_enclosed, st_stairs_3,
          kennysheep_doodads
D:2:      minmay_misc_feat_room, minmay_stone_trees_small
D:3:      lemuel_crystal_altar, kiku_gazebo_pond_becter, bloody_trog
D:4:      nicolae_gozag_seed_capital, first_bread
D:5:      cheibriados_altar_1
D:6:      minmay_temple_entry_trees
D:7:      lemuel_mausoleum_altar_yredelemnul, marbit_many_paths, serial_shops,
          shop
Temple:   zaba_magenta_temple_12
